 Dungeon Sprint DCSS version 0.20.1-1-g8b1a95d (webtiles) character file.

1689 OdinFK the Fighter (level 8, -9/90 HPs)
             Began as a Minotaur Berserker on Oct 22, 2017.
             Was a Priest of Trog.
             Shot with an arrow by a centaur warrior (16 damage)
             ... in the Dungeon (Sprint I: "Red Sonja").
             The game lasted 00:04:17 (1356 turns).

OdinFK the Fighter (Minotaur Berserker)             Turns: 1356, Time: 00:04:17

Health: -9/90      AC:  4    Str: 26    XL:     8   Next: 72%
Magic:  7/7        EV: 16    Int:  4    God:    Trog [***...]
Gold:   702        SH:  0    Dex: 11    Spells: 7/7 levels left

rFire    . . .     SeeInvis .   a - +0 falchion
rCold    . . .     Gourm    .   (no shield)
rNeg     . . .     Faith    .   k - +0 leather armour
rPois    .         Spirit   .   (helmet restricted)
rElec    .         Reflect  .   (no cloak)
rCorr    .         Harm     .   (no gloves)
MR       ++...     NoTele   +   (no boots)
Stlth    +.........             l - amulet of rage
Regen    1.3/turn               o - +3 ring of strength
MPRegen  0.1/turn               (no ring)

@: regenerating
A: retaliatory headbutt, horns 2
a: Berserk, Trog's Hand, Burn Spellbooks, Renounce Religion, Evoke Berserk Rage


You were in the Dungeon.
You worshipped Trog.
Trog was most pleased with you.
You were hungry.

You visited 1 branch You collected 702 gold pieces.

Inventory:

Hand Weapons
 a - a +0 falchion (weapon)
Armour
 b - a +0 animal skin
 k - a +0 leather armour (worn)
Jewellery
 l - an amulet of rage (around neck)
 o - a +3 ring of strength (left hand)
Wands
 j - a wand of random effects (33/48)
Scrolls
 c - a scroll of magic mapping {unknown}
 d - 2 scrolls of identify {unknown}
 i - a scroll of blinking
 p - a scroll of remove curse {unknown}
Potions
 e - a potion of heal wounds
 f - a potion of haste
 g - 2 potions of magic
 h - a potion of berserk rage
 n - 2 potions of curing
Comestibles
 m - a royal jelly


   Skills:
 + Level 14.5 Fighting
 + Level 14.1 Long Blades
 + Level 7.6 Armour
 + Level 8.4 Dodging


You had 7 spell levels left.
You didn't know any spells.

Dungeon Overview and Level Annotations

Branches:
Dungeon (1/1)

Altars:
Cheibriados
Dithmenos
Elyvilon
Fedhas
Gozag
Hepliaklqana
Kikubaaqudgha
Makhleb
Nemelex Xobeh
Okawaru
Qazlal
Ru
Sif Muna
Trog
Uskayaw
Vehumet
Xom
Yredelemnul
Zin
The Shining One
Jiyva
Lugonu

Shops:
D :}


Innate Abilities, Weirdness & Mutations

You reflexively headbutt those who attack you in melee.
You have a pair of horns on your head.


Message History

You hear a splash.
The centaur warrior shoots an arrow.
The arrow hits you!
* * * LOW HITPOINT WARNING * * *
You hear a splash.
You see here 4 arrows.
The centaur warrior shoots an arrow.
The arrow closely misses you.
The centaur warrior shoots an arrow.
The arrow hits you!
* * * LOW HITPOINT WARNING * * *
There is an open door here.
You see here 2 arrows.
You see here a dagger.
You start resting.
Your skin crawls.
You feel resistant to hostile enchantments.
You feel somewhat more hungry.
The centaur warrior shoots an arrow.
The arrow hits you!
* * * LOW HITPOINT WARNING * * *
The centaur warrior shoots an arrow.
The arrow hits you but does no damage.
The centaur warrior shoots an arrow.
The arrow hits you!
You die...

#..)..#..'..#__#
'..#..').#..'..+
#####'#####'#__####
####..#...#.####)§#
#__####..##)#§≈§§c#
#_____##'#..+≈≈§..+
#_.∩...'.)._#cc§.c#
#_..__##_.#'##§####
#_____###'#.#.§(@#
#########.####'###
.......'...'.....+
++++####...#######
###.### #.#'#.#
#.....# #.....#
#######


You could see a centaur warrior.

Vanquished Creatures
  Sonja (D)
  A deep troll (D)
  A slime creature (D)
  Sigmund (D)
  A yak (D)
  An ogre (D)
  A jelly (D)
  Ijyb (D)
  5 ballistomycetes (D)
13 creatures vanquished.

Vanquished Creatures (others)
  A gargoyle (D)
  2 ballistomycete spores (D)
3 creatures vanquished.

Grand Total: 16 creatures vanquished

Notes
Turn   | Place    | Note
-------+----------+-------------------------------------------
     0 | D        | OdinFK the Minotaur Berserker began the quest for the Orb.
     0 | D        | Reached XP level 1. HP: 19/19 MP: 0/0
     1 | D        | Noticed Ijyb
     8 | D        | Killed Ijyb
     8 | D        | Reached skill level 5 in Fighting
     8 | D        | Reached skill level 5 in Long Blades
     8 | D        | Reached XP level 2. HP: 25/29 MP: 1/1
    23 | D        | Noticed an ogre
    32 | D        | Killed an ogre
    32 | D        | Reached XP level 3. HP: 21/40 MP: 2/2
    32 | D        | Reached XP level 4. HP: 25/48 MP: 3/3
    67 | D        | Killed a gargoyle
   181 | D        | Noticed Sigmund
   186 | D        | Killed Sigmund
   186 | D        | Reached ** piety under Trog
   186 | D        | Reached skill level 5 in Armour
   186 | D        | Reached skill level 5 in Dodging
   186 | D        | Reached XP level 5. HP: 58/58 MP: 4/4
   229 | D        | Found a deep blue altar of Sif Muna.
   231 | D        | Found a radiant altar of Vehumet.
   236 | D        | Reached skill level 10 in Fighting
   236 | D        | Reached skill level 10 in Long Blades
   236 | D        | Reached XP level 6. HP: 59/66 MP: 5/5
   267 | D        | Found Uliblo's Gadget Emporium.
   267 | D        | Found an ancient bone altar of Kikubaaqudgha.
   267 | D        | Found a hazy altar of Hepliaklqana.
   267 | D        | Found a hide-covered altar of Uskayaw.
   267 | D        | Found a basalt altar of Yredelemnul.
   267 | D        | Found an opulent altar of Gozag.
   267 | D        | Found a snail-covered altar of Cheibriados.
   267 | D        | Found a sacrificial altar of Ru.
   267 | D        | Found a shadowy altar of Dithmenos.
   267 | D        | Noticed a yak
   272 | D        | Killed a yak
   273 | D        | Found a stormy altar of Qazlal.
   273 | D        | Found a blossoming altar of Fedhas.
   273 | D        | Found a bloodstained altar of Trog.
   273 | D        | Found an iron altar of Okawaru.
   273 | D        | Found a glowing golden altar of the Shining One.
   273 | D        | Found a glowing silver altar of Zin.
   273 | D        | Found a white marble altar of Elyvilon.
   274 | D        | Found a sparkling altar of Nemelex Xobeh.
   401 | D        | Found a viscous altar of Jiyva.
   401 | D        | Found a corrupted altar of Lugonu.
   401 | D        | Noticed a slime creature
   402 | D        | Found a burning altar of Makhleb.
   402 | D        | Found a shimmering altar of Xom.
   411 | D        | Killed a slime creature
   411 | D        | Reached *** piety under Trog
   411 | D        | Reached XP level 7. HP: 29/77 MP: 6/6
   671 | D        | Noticed Sonja
   682 | D        | Killed Sonja
   682 | D        | Reached XP level 8. HP: 43/86 MP: 7/7
   977 | D        | Found Qoth's Book Boutique.
  1003 | D        | Noticed a deep troll
  1010 | D        | Killed a deep troll
  1351 | D        | Noticed a centaur warrior
  1351 | D        | Noticed a centaur warrior
  1356 | D        | Shot with an arrow by a centaur warrior

Skill      XL: |  1  2  3  4  5  6  7  8 |
---------------+-------------------------+-----
Fighting       | 5 7 9 10 12 13 14 | 14.5
Long Blades    | 5 7 9 10 11 13 14 | 14.1
Armour         | 3 4 5 6 7 |  7.6
Dodging        | 3 5 6 7 8 |  8.4

Action                   |  1- 3 |  4- 6 |  7- 9 || total
-------------------------+-------+-------+-------++-------
Melee: Falchion          |    14 |    20 |    32 ||    66
       Headbutt          |     2 |     9 |     7 ||    18
Invok: Berserk           |       |     2 |     2 ||     4
       Trog's Hand       |       |       |     1 ||     1
  Use: Potion            |       |       |     1 ||     1
  Eat: Bread ration      |       |       |     1 ||     1
Armor: Animal skin       |     1 |       |       ||     1
       Leather armour    |       |     1 |     3 ||     4
Dodge: Dodged            |     7 |     5 |     9 ||    21
       Rpst.: Falchion   |     2 |     1 |     1 ||     4
